 Dungeon Crawl Stone Soup version 0.28-a0-1184-g53156a8862 (webtiles) character file.

Game seed: 6218512688154616199

10906 fragbeetle the Grappler (level 11, -1/100 HPs)
             Began as a Purple Draconian Transmuter on Dec 17, 2021.
             Was a Priest of Makhleb.
             Slain by Snorg (4 damage)
             ... on level 11 of the Dungeon on Dec 18, 2021.
             The game lasted 00:43:08 (14013 turns).

fragbeetle the Grappler (DrTm)                     Turns: 14013, Time: 00:43:09

Health: -1/100     AC:  8    Str: 21    XL:     11   Next: 42%
Magic:  13/16      EV: 11    Int: 15    God:    Makhleb [***...]
Gold:   240        SH:  0    Dex: 12    Spells: 4/17 levels left

rFire   x . .      SeeInvis .     - Unarmed
rCold   + + +      Faith    .   (shield currently unavailable)
rNeg    . . .      Spirit   .   (armour unavailable)
rPois   +          Reflect  .   (helmet currently unavailable)
rElec   .          Harm     .   (cloak currently unavailable)
rCorr   .          Rampage  .   (gloves currently unavailable)
Will    +....                   (boots currently unavailable)
Stlth   +.........              B - amulet of magic regeneration
HPRegen 0.26/turn               r - +6 ring of strength
MPRegen 0.55/turn               O - ring of flight

@: ice-form, freezing walls, flying
A: freezing attack, amphibious, boosted hp, (breathe power), AC +7, large,
unfitting armour, (cold-blooded)
a: End Transformation, Renounce Religion, Minor Destruction, Lesser Servant of
Makhleb


You were on level 11 of the Dungeon.
You worshipped Makhleb.
Makhleb was most pleased with you.
You were a creature of crystalline ice.
You visited 2 branches of the dungeon, and saw 12 of its levels.

You collected 660 gold pieces.
You spent 420 gold pieces at shops.

Inventory:

Hand Weapons
 e - a +1 hunting sling of freezing
Missiles
 c - 67 sling bullets
 d - 302 stones
 h - 3 boomerangs
 n - 7 boomerangs of dispersal
 w - 2 throwing nets
 Q - 3 poisoned darts
Armour
 o - a +1 pair of gloves (melded)
 L - a +2 cloak of stealth (melded)
Magical Staves
 F - a staff of conjuration
Jewellery
 q - a ring of ice
 r - a +6 ring of strength (left front paw)
 A - a ring of magical power
 B - an amulet of magic regeneration (around neck)
 K - a ring of protection from fire
 O - a ring of flight (right front paw)
Wands
 m - a wand of polymorph (10)
 t - a wand of paralysis (12)
 z - a wand of digging (4)
 C - a wand of acid (2)
 M - a wand of mindburst (5)
Scrolls
 b - 2 scrolls of brand weapon {unknown}
 f - a scroll of summoning {unknown}
 j - a scroll of silence {unknown}
 l - a scroll of amnesia {unknown}
 u - a scroll of immolation {unknown}
 x - a scroll of fear {unknown}
 y - 5 scrolls of magic mapping {unknown}
 E - a scroll of vulnerability {unknown}
 H - 4 scrolls of identify
 I - a scroll of fog {unknown}
Potions
 a - 6 potions of heal wounds
 g - 2 potions of might {unknown}
 i - 3 potions of curing
 k - 2 potions of flight
 p - 2 potions of cancellation
 s - a potion of haste {unknown}
 v - 3 potions of mutation
 D - 6 potions of degeneration
 G - 4 potions of lignification {unknown}
 J - a potion of resistance {unknown}
 P - 2 potions of attraction
 R - a potion of brilliance
 S - a potion of berserk rage
Miscellaneous
 N - a tin of tremorstones (2/2)


   Skills:
 * Level 4.1 Fighting
 * Level 3.8 Dodging
 + Level 9.4 Unarmed Combat
 + Level 3.8 Spellcasting
 + Level 9.2 Transmutations
 + Level 8.3 Ice Magic
 - Level 8.2 Poison Magic


You had 4 spell levels left.
You knew the following spells:

 Your Spells              Type           Power      Damage    Failure   Level
a - Beastly Appendage     Tmut           60%        N/A       1%          1
b - Spider Form           Tmut/Pois      29%        N/A       1%          3
c - Ice Form              Ice/Tmut       29%        N/A       4%          4
d - Frozen Ramparts       Ice            54%        1d7       1%          3
e - Wereblood             Tmut           30%        N/A       1%          2

Your spell library contained the following spells:

 Spells                   Type           Power      Damage    Failure   Level
 Freeze                   Ice            100%       1d11      1%          1
 Poisonous Vapours        Pois/Air       30%        N/A       5%          2
 Corpse Rot               Necr/Air       4%         N/A       28%         2
 Hailstorm                Conj/Ice       15%        3d5       32%         4
 Gell's Gravitas          Tloc           2%         N/A       50%         3
 Lesser Beckoning         Tloc           2%         N/A       50%         3
 Teleport Other           Tloc           2%         N/A       50%         3


Dungeon Overview and Level Annotations

Branches:
Dungeon (11/15)            Temple (1/1) D:4             Orc (0/2) D:10
   Lair: D:8-11

Altars:
Ashenzari
Cheibriados
Dithmenos
Elyvilon
Fedhas
Gozag
Hepliaklqana
Kikubaaqudgha
Makhleb
Nemelex Xobeh
Okawaru
Qazlal
Ru
Sif Muna
Trog
Uskayaw
Vehumet
Xom
Yredelemnul
Zin
The Shining One

Shops:
D:8 [   D:10 [(   D:11 !

Annotations:
D:4 3 runed translucent doors, JamezByez's ghost, amateur MiFi; JamezByez's ghost, novice MiBe
D:5 2 transporters
D:6 Grinder; Menkaure
D:7 1 runed translucent door, Crazy Yiuf
D:8 Erica
D:9 stairs-rod
D:10 Erolcha
D:11 Snorg


Innate Abilities, Weirdness & Mutations

You are a creature of crystalline ice.
You have a powerful freezing melee attack.
You are amphibious.
Your maximum health is increased.
Your armour is entirely melded.
You are incapable of wielding weapons or throwing items.
((You can breathe bolts of dispelling energy.))
((Your rich purple scales are hard. (AC +7)))
You cannot fit into any form of body armour.
((You are cold-blooded and may be slowed by cold attacks.))


Message History

Casting: Spider Form (safe; 1% risk of failure)
Confirm with . or Enter, or press ? or * to list all spells.
Casting: Frozen Ramparts (safe; 1% risk of failure)
Press: ? - help, Dir - look around, f - activate The walls around you are covered in ice.
Casting: Frozen Ramparts (safe; 1% risk of failure)
Confirm with . or Enter, or press ? or * to list all spells.
You turn into a creature of crystalline ice.
Your +2 cloak of stealth melds into your body.
Your +1 pair of gloves melds into your body.
You feel less stealthy.
The wall freezes Snorg.
The wall freezes Snorg.
You punch Snorg! You freeze Snorg.
Snorg is moderately wounded.
The wall freezes Snorg.
Snorg goes berserk!
You punch Snorg! You freeze Snorg.
Snorg is moderately wounded.
The wall freezes Snorg.
Snorg bites you. Snorg closely misses you. Snorg barely misses you.
You hit Snorg. You freeze Snorg.
Snorg is moderately wounded.
The wall freezes Snorg.
Snorg bites you. Snorg claws you! Snorg closely misses you.
You barely miss Snorg.
Snorg is moderately wounded.
The wall freezes Snorg.
Snorg closely misses you. Snorg barely misses you. Snorg claws you!
The wall freezes Snorg.
Snorg bites you! Snorg claws you! Snorg closely misses you.
You pummel Snorg!! You freeze Snorg.
Snorg is severely wounded.
The wall freezes Snorg.
Snorg bites you! Snorg claws you! Snorg claws you but does no damage.
You pummel Snorg!! You freeze Snorg.
Snorg is almost dead.
The wall freezes Snorg.
Snorg bites you!!
* * * LOW HITPOINT WARNING * * *
Snorg claws you!
* * * LOW HITPOINT WARNING * * *
Snorg claws you.
You die...

#..... #....O #.....
######+# #.....
#......####### #.....
#............. ######
#....:.......(.#
#..............#
#.....YT# #.#
#.......######.#
#######........########
#................
#................
#................
#............###.
#................
#................


You could see Snorg (berserk).

Vanquished Creatures
  2 two-headed ogres (D:11)
  A cyclops (D:10)
  Maurice (D:9)
  5 centaur zombies
  Maggie (D:9)
  A gargoyle (D:11)
  An unseen horror (D:10)
  A troll (D:11)
  Prince Ribbit (D:7)
  Sigmund (D:3)
  A wyvern (D:9)
  A vampire (D:10)
  11 yaks
  Grum (D:10)
  A steam dragon (D:8)
  Duvessa (D:7)
  2 water moccasins
  5 orc warriors
  3 black bears
  2 sky beasts (D:7)
  An ice beast (D:7)
  2 necrophages
  2 wolves (D:10)
  2 ogres (D:5)
  2 centaurs
  A kobold brigand (D:10)
  4 bullfrogs
  3 scorpions
  A gnoll sergeant (D:7)
  2 water moccasin zombies
  Dowan (D:7)
  10 killer bees
  A water moccasin skeleton (D:5)
  4 howler monkeys
  A bullfrog skeleton (D:6)
  2 jellies
  5 orc priests
  A centaur skeleton (D:7)
  2 hounds
  Ijyb (D:5)
  Jessica (D:2)
  Natasha (thrice) (D:2)
  4 iguanas
  10 orc wizards
  A scorpion zombie (D:4)
  A hound zombie (D:4)
  A howler monkey zombie (D:4)
  A howler monkey skeleton (D:7)
  6 adders
  7 gnolls
  An adder zombie (D:4)
  3 worms
  A dart slug (D:5)
  29 orcs
  7 endoplasms
  3 giant cockroaches
  5 hobgoblins
  5 jackals
  9 kobolds
  2 quokkas
  6 ball pythons
  7 bats
  4 frilled lizards (D:1)
  7 goblins
  10 rats
225 creatures vanquished.

Vanquished Creatures (others)
  6 withered plants (D:4)
6 creatures vanquished.

Grand Total: 231 creatures vanquished

Notes
Turn   | Place    | Note
-------+----------+-------------------------------------------
     0 | D:1      | fragbeetle the Draconian Transmuter began the quest for the
                  | Orb.
     0 | D:1      | Reached XP level 1. HP: 16/16 MP: 3/3
   314 | D:1      | Reached XP level 2. HP: 22/23 MP: 3/5
   863 | D:1      | Found a faded altar of an unknown god.
  1265 | D:2      | Reached XP level 3. HP: 28/28 MP: 4/6
  1272 | D:2      | Learned a level 3 spell: Spider Form
  1322 | D:2      | Noticed Natasha
  1335 | D:2      | Killed Natasha
  1599 | D:2      | Reached skill level 1 in Poison Magic
  1758 | D:2      | Noticed Natasha
  1768 | D:2      | Killed Natasha
  1769 | D:2      | Reached XP level 4. HP: 35/35 MP: 7/7
  1806 | D:2      | Noticed Jessica
  2397 | D:2      | Killed Jessica
  2398 | D:2      | Reached XP level 5. HP: 31/40 MP: 6/8
  2490 | D:2      | Noticed Natasha
  2501 | D:2      | Killed Natasha
  2618 | D:3      | Learned a level 4 spell: Ice Form
  2950 | D:3      | Noticed Sigmund
  3563 | D:4      | Reached XP level 6. HP: 40/47 MP: 7/9
  3578 | D:4      | Reached skill level 1 in Ice Magic
  3891 | D:4      | Found a basalt altar of Yredelemnul.
  3948 | D:4      | Found a staircase to the Ecumenical Temple.
  3970 | Temple   | Entered the Ecumenical Temple
  4038 | Temple   | Became a worshipper of Makhleb the Destroyer
  4281 | D:4      | Found a runed translucent gate.
  4281 | D:4      | Found a runed translucent gate.
  4281 | D:4      | Found a runed translucent gate.
  4285 | D:4      | Noticed JamezByez's ghost (novice MiBe)
  4285 | D:4      | Noticed JamezByez's ghost (amateur MiFi)
  4330 | D:4      | Reached skill level 5 in Unarmed Combat
  4831 | D:5      | Entered Level 5 of the Dungeon
  4852 | D:5      | Your scales start taking on a rich purple colour.
  4852 | D:5      | Reached XP level 7. HP: 52/52 MP: 8/10
  4896 | D:5      | Reached skill level 5 in Transmutations
  4963 | D:5      | Noticed Ijyb
  4992 | D:5      | Killed Ijyb
  5276 | D:5      | Reached XP level 8. HP: 46/59 MP: 5/11
  5565 | D:5      | Reached * piety under Makhleb
  5571 | D:5      | Found a glowing silver altar of Zin.
  5573 | D:5      | Found a transporter.
  5584 | D:5      | Found a transporter.
  6069 | D:6      | Noticed Grinder
  6070 | D:6      | Paralysed by Grinder for 5 turns
  6273 | D:6      | Found an iron altar of Okawaru.
  6377 | D:6      | Reached skill level 5 in Poison Magic
  6404 | D:6      | Learned a level 3 spell: Frozen Ramparts
  6494 | D:6      | Noticed Menkaure
  6525 | D:7      | HP: 1/59 [centaur warrior zombie (6)]
  6528 | D:7      | Reached skill level 5 in Ice Magic
  6528 | D:7      | Reached XP level 9. HP: 14/64 MP: 12/12
  7350 | D:7      | Noticed Dowan
  7384 | D:7      | Noticed Prince Ribbit
  7393 | D:7      | Killed Prince Ribbit
  7881 | D:7      | Noticed Duvessa
  7893 | D:7      | Killed Duvessa
  7916 | D:7      | Killed Dowan
  8205 | D:7      | Found a runed translucent door.
  8206 | D:7      | Noticed Crazy Yiuf
  8402 | D:3      | Killed Sigmund
  8696 | D:8      | Reached XP level 10. HP: 58/71 MP: 13/13
  9196 | D:8      | Reached ** piety under Makhleb
  9822 | D:8      | Found Irorior's Armour Shoppe.
  9928 | D:8      | Found a glowing golden altar of the Shining One.
  9984 | D:8      | Noticed Erica
 10096 | D:9      | Noticed Maurice
 10111 | D:9      | Killed Maurice
 10694 | D:9      | Identified the +1 ring mail of Ijif {rN+ Int+2}
 10700 | D:9      | Noticed Maggie
 10714 | D:9      | Killed Maggie
 12039 | D:10     | Entered Level 10 of the Dungeon
 12239 | D:10     | Noticed a cyclops
 12250 | D:10     | Killed a cyclops
 12251 | D:10     | Reached XP level 11. HP: 56/79 MP: 15/15
 12501 | D:10     | Noticed Erolcha
 12655 | D:10     | Noticed Grum
 12673 | D:10     | Killed Grum
 12935 | D:10     | Found Onikack's Weapon Shoppe.
 12945 | D:10     | Found a staircase to the Orcish Mines.
 12945 | D:10     | Found Ocorhuz's Armour Shoppe.
 12965 | D:10     | Reached *** piety under Makhleb
 12991 | D:10     | HP: 3/97 [something (9)]
 13492 | D:11     | Found Vavvaop's Distillery.
 13495 | D:11     | Bought 2 potions of degeneration for 28 gold pieces
 13495 | D:11     | Bought a potion of heal wounds for 70 gold pieces
 13495 | D:11     | Bought a potion of brilliance for 56 gold pieces
 13495 | D:11     | Bought a potion of berserk rage for 70 gold pieces
 13495 | D:11     | Bought a potion of attraction for 42 gold pieces
 13495 | D:11     | Bought a potion of flight for 42 gold pieces
 13495 | D:11     | Bought a potion of mutation for 112 gold pieces
 13648 | D:11     | Noticed a two-headed ogre
 13706 | D:11     | Killed a two-headed ogre
 13722 | D:11     | Learned a level 2 spell: Wereblood
 13782 | D:11     | Noticed a two-headed ogre
 13806 | D:11     | Killed a two-headed ogre
 14003 | D:11     | Noticed Snorg
 14013 | D:11     | HP: 3/100 [Snorg (9)]
 14013 | D:11     | Slain by Snorg

Illustrated notes

Levels and vault maps discovered:
D:1:      dpeg_arrival_tiny_a, layout_basic,
          hellmonk_ecumenical_altar_crossroads, roderic_roman_lattice,
          serial_bayou_pond_c, minmay_vboxes
D:2:      layout_basic, chequers_garden, uniq_natasha, uniq_jessica
D:3:      layout_basic, uniq_sigmund
D:4:      layout_loops_corners, nicolae_yredelemnul_corpse_copse,
          temple_fountains, gammafunk_ghost_cemetery
D:5:      layout_cave_pods, gammafunk_temple_overflow_arena, minmay_holes,
          uniq_ijyb
D:6:      layout_basic, mainiacjoe_overflow_brackets, minivault_23,
          lemuel_another_geyser, uniq_grinder, uniq_menkaure
D:7:      layout_gridville, roderic_malta_cross, minivault_1, uniq_duvessa,
          uniq_crazy_yiuf_cottage, uniq_prince_ribbit1
D:8:      layout_basic, tso_altar, serial_shops, kennysheep_mini_moat,
          uniq_erica
D:9:      layout_basic, nicolae_fountain_basement, uniq_maggie, uniq_maurice
D:10:     minmay_goldmine, layout_rooms, orc_david_3, kennysheep_generic_room_6,
          uniq_erolcha, uniq_grum
D:11:     layout_stronghold, dpeg_lair_monsters, serial_shops,
          nicolae_shop_behind_doors, uniq_nergalle, uniq_josephine, uniq_urug,
          uniq_snorg
Temple:   mainiacjoe_temple_coin_purse

Skill      XL: |  1  2  3  4  5  6  7  8  9 10 11 |
---------------+----------------------------------+-----
Transmutations | 3 4 5 6 7 8 9 |  9.2
Poison Magic   | 1 2 3 4 5 7 8 |  8.2
Unarmed Combat | 4 5 6 8 9 |  9.4
Ice Magic      | 2 3 5 6 7 8 |  8.3
Dodging        | 2 3 |  3.8
Fighting       | 2 4 |  4.1
Spellcasting   | 3 |  3.8

Action                   |  1- 3 |  4- 6 |  7- 9 | 10-12 || total
-------------------------+-------+-------+-------+-------++-------
Melee: Unarmed           |    89 |   170 |   263 |   247 ||   769
       Kick              |    19 |    35 |     8 |       ||    62
       Tailslap          |     8 |     8 |     4 |       ||    20
       Headbutt          |     7 |    25 |     2 |       ||    34
       Punch             |       |     4 |     2 |       ||     6
Throw: Dart              |       |       |       |     1 ||     1
 Cast: Beastly Appendage |    25 |    29 |     3 |     1 ||    58
       Spider Form       |       |     9 |    35 |     8 ||    52
       Ice Form          |       |       |     3 |    21 ||    24
       Frozen Ramparts   |       |       |       |     2 ||     2
 Abil: Breathe Dispellin |       |       |       |     1 ||     1
Evoke: Wand              |       |       |       |     6 ||     6
  Use: Scroll            |       |       |     5 |     1 ||     6
       Potion            |       |       |     2 |     2 ||     4
 Stab: Distracted        |       |     1 |       |       ||     1
Armor: Skin              |    27 |    48 |    33 |    71 ||   179
Dodge: Dodged            |    44 |    84 |   208 |   145 ||   481

Table legend: (Time is in decaauts)
 A = Elapsed time spent in this place.
 B = Non-inter-level travel time spent in this place.
 C = Inter-level travel time spent in this place.
 D = Time resting spent in this place.
 E = Time spent auto-exploring this place.
 F = Levels seen in this place.
 G = Mean time per level.
                   A        B        C        D        E       F      G
               +--------+--------+--------+--------+--------+-----+--------+
         Total |  13935 |  13474 |    461 |   4235 |   3802 |  12 | 1161.2 |
       Dungeon |  13857 |  13396 |    461 |   4235 |   3755 |  11 | 1259.7 |
        Temple |     78 |     78 |      0 |      0 |     47 |   1 |   78.0 |
               +--------+--------+--------+--------+--------+-----+--------+

Top non-repeatable levels by time:
     D:9: 2052 daAuts
     D:7: 1768 daAuts
     D:1: 1577 daAuts
     D:4: 1492 daAuts
     D:8: 1455 daAuts
    D:10: 1305 daAuts
     D:5: 1150 daAuts
     D:3: 1045 daAuts
     D:2: 1012 daAuts
    D:11: 601 daAuts
     D:6: 396 daAuts
  Temple: 78 daAuts
